 Dungeon Crawl Stone Soup version 0.24-a0-277-g67e6301 (webtiles) character file.

Game seed: 13405003913517385686

64 terrorsythe the Covered (level 4, -6/51 HPs)
             Began as a Human Wanderer on Apr 29, 2019.
             Mangled by a gnoll
             ... wielding a +0 halberd
              (8 damage)
             ... on level 2 of the Dungeon.
             The game lasted 00:02:30 (1313 turns).

terrorsythe the Covered (Human Wanderer)            Turns: 1313, Time: 00:02:31

Health: -6/51      AC: 22    Str: 10 (12) XL:     4   Next: 32%
Magic:  4/4        EV:  2    Int: 11 (12) God:
Gold:   27         SH:  0    Dex: 13 (14) Spells: 3/3 levels left

rFire    . . .     SeeInvis .   a - +2 dagger
rCold    . . .     Gourm    .   (no shield)
rNeg     + + +     Faith    .   (armour currently unavailable)
rPois    +         Spirit   .   (helmet currently unavailable)
rElec    .         Reflect  .   (cloak currently unavailable)
rCorr    .         Harm     .   (gloves currently unavailable)
MR       +....     NoTele   +   (boots currently unavailable)
Stlth    ++........             (no amulet)
HPRegen  0.17/turn              h - ring of protection from magic
MPRegen  0.09/turn              (no ring)

@: tree-form
A: no striking features
a: no special abilities


You were on level 2 of the Dungeon.
You were not hungry.
You were a tree.
You visited 1 branch of the dungeon, and saw 2 of its levels.

You collected 27 gold pieces.

Inventory:

Hand Weapons
 a - a +2 dagger (weapon)
Armour
 c - a +0 ring mail (melded)
Jewellery
 h - a ring of protection from magic (left branch)
Scrolls
 b - 2 scrolls of blinking
 d - a scroll of teleportation
 i - a scroll of immolation {unknown}
Potions
 e - 2 potions of degeneration
 j - a potion of lignification
Comestibles
 f - 3 rations
 g - a chunk of flesh


   Skills:
 + Level 2.9 Fighting
   Level 3.0 Crossbows
 + Level 3.7 Armour
 + Level 3.0 Stealth


You had 3 spell levels left.
You didn't know any spells.
Your spell library was empty.

Dungeon Overview and Level Annotations

Branches:
Dungeon (2/15)

Altars:


Message History

The gnoll hits you from afar with a +0 halberd!
* * * LOW HITPOINT WARNING * * *
You hit the gnoll.
The gnoll is heavily wounded.
The gnoll hits you but does no damage. x2
You hit the gnoll.
The gnoll is almost dead.
The gnoll hits you.
* * * LOW HITPOINT WARNING * * *
The gnoll hits you but does no damage.
You barely miss the gnoll.
The gnoll is almost dead.
The gnoll hits you but does no damage. x3
You closely miss the gnoll.
The gnoll is almost dead.
The gnoll hits you but does no damage.
The gnoll hits you from afar with a +0 halberd.
* * * LOW HITPOINT WARNING * * *
The gnoll hits you from afar with a +0 halberd!
You die...

#.# #.# #.###.# #.# #.#.#.# ###
#.# #.#.#.# ..# #.#
######+#...#.# ..###.#
.........#.#.# ....#.#
.....g)..#.#.# ....#.#
.....gg♣...#.########### ....#.#
###########.......÷.....
....#.###########################
.....>........................#
.....########################.#
....## #.# ....# #.# ##### #.#
#.#


You could see 3 gnolls.

Vanquished Creatures
  A gnoll (D:2)
  An adder (D:2)
  A dart slug (D:1)
  3 giant cockroaches (D:1)
  4 goblins (D:1)
  6 hobgoblins (D:1)
  4 jackals (D:1)
  5 ball pythons
  4 bats
  2 frilled lizards (D:1)
  5 kobolds (D:1)
  4 rats
40 creatures vanquished.

Notes
Turn   | Place    | Note
-------+----------+-------------------------------------------
     0 | D:1      | terrorsythe the Human Wanderer began the quest for the Orb.
     0 | D:1      | terrorsythe set off with the following items: a +2 dagger,
                  | a scroll of blinking, a +0 ring mail, a scroll of
                  | teleportation, a ration
     0 | D:1      | Reached XP level 1. HP: 16/16 MP: 1/1
   179 | D:1      | Reached XP level 2. HP: 17/22 MP: 2/2
   616 | D:1      | Reached XP level 3. HP: 25/28 MP: 3/3
  1188 | D:2      | Reached XP level 4. HP: 34/34 MP: 4/4
  1313 | D:2      | HP: 2/51 [gnoll/+0 halberd (1)]
  1313 | D:2      | Mangled by a gnoll

Levels and vault maps discovered:
D:1:      dpeg_arrival_prison, layout_basic
D:2:      minmay_skewed_foursquare, layout_basic, first_ration

Skill      XL: |  1  2  3  4 |
---------------+-------------+-----
Stealth        | 3 |  3.0
Fighting       | |  2.9
Crossbows      | |  3.0
Armour         | |  3.7

Action                   |  1- 3 |  4- 6 || total
-------------------------+-------+-------++-------
Melee: Dagger            |   125 |    26 ||   151
  Use: Potion            |       |     2 ||     2
 Stab: Sleeping          |     2 |       ||     2
  Eat: Chunk             |     1 |       ||     1
Armor: Ring mail         |    58 |    14 ||    72
       Skin              |       |    24 ||    24
Dodge: Dodged            |    51 |    17 ||    68

Table legend:
 A = Non-vault XP
 B = Vault XP
 C = Vault XP percentage of total XP
 D = Non-vault monster count
 E = Vault monster count
 F = Vault count percentage of total count
                 A         B        C        D         E       F
            +---------+---------+-------+---------+---------+-------
      Total |      89 |       3 |   3.3 |      38 |       2 |   5.0
            +---------+---------+-------+---------+---------+-------
        D:1 |      58 |       3 |   4.9 |      33 |       2 |   5.7
        D:2 |      31 |       0 |   0.0 |       5 |       0 |   0.0
            +---------+---------+-------+---------+---------+-------
